Map: [ESL] Gresvan

Players

GuMiho

  • Race: Terran Terran
  • Spawn Location: 5:00

Dark - Winner!

  • Race: Zerg Zerg
  • Spawn Location: 11:00

Event: ESL SC2 Masters 2023 Summer (Finals)

VOD

Have the link to the VOD?

Description

Time

  • Played on: June 16, 2023, 2:56 p.m.
  • Length: 41:25

All games in this series

Show
View Real Time Build Order
Export as new Build Order

GuMiho Terran 

Build Orders: Command Center First 

Get SALT Encoding   

  12  0:00  SCV  
  13  0:12  SCV  
  14  0:16  Supply Depot  
  14  0:24  SCV  
  15  0:38  SCV  
  16  0:50  SCV  
  17  0:58  Command Center  
  17  1:02  SCV  
  18  1:11  Barracks  
  18  1:15  SCV  
  19  1:20  Refinery  
  19  1:27  SCV  
  19  1:28  Refinery  
  20  1:39  SCV  
  21  1:51  SCV  
  22  1:58  Reaper  
  23  2:03  Orbital Command  
  23  2:09  Orbital Command  
  23  2:16  Factory  
  23  2:23  Barracks  
  23  2:29  SCV  
  24  2:30  Barracks Reactor  
  24  2:36  SCV  
  25  2:41  SCV  
  26  2:48  SCV, Supply Depot  
  27  2:53  SCV  
  28  3:00  SCV  
  28  3:01  Hellion  
  28  3:04  Starport  
  30  3:10  Marine x2  
  30  3:11  Barracks Tech Lab  
  32  3:13  SCV x2  
  34  3:22  Hellion  
  34  3:25  Supply Depot  
  34  3:26  SCV x2  
  38  3:29  Marine  
  38  3:30  Marine x2  
  38  3:32  Stimpack  
  41  3:38  SCV x2  
  41  3:41  Medivac  
  45  3:48  Hellion, Supply Depot  
  47  3:51  SCV x2  
  47  3:52  Marine  
  47  3:54  Marine  
  47  3:55  Marine  
  52  4:03  Engineering Bay, SCV x2  
  54  4:10  Medivac, Supply Depot  
  54  4:11  Factory Tech Lab  
  54  4:13  Marine  
  54  4:14  Marine x2  
  59  4:17  SCV  
  59  4:19  SCV  
  61  4:30  SCV  
  62  4:32  Marine x3, Siege Tank, SCV  
  62  4:35  Terran Infantry Weapons Level 1, Supply Depot  
  69  4:41  Supply Depot  
  69  4:50  Marine  
  70  4:56  Marine x2  
  70  4:58  SCV x2  
  74  5:04  Command Center  
  74  5:05  Refinery  
  74  5:06  Siege Tank  
  74  5:07  Supply Depot  
  77  5:08  Marine  
  77  5:12  SCV x2  
  80  5:14  Marine x2  
  80  5:19  Medivac  
  84  5:23  Supply Depot  
  84  5:24  Supply Depot x2  
  84  5:29  SCV x2  
  85  5:45  SCV  
  78  6:05  Marine x3, Siege Tank, SCV x2  
  78  6:08  Combat Shield  
  78  6:09  Barracks  
  86  6:14  Starport Reactor, Supply Depot x2  
  86  6:16  Supply Depot  
  86  6:17  Barracks, SCV x2  
  78  6:19  Barracks  
  78  6:22  Marine x2  
  79  6:27  Orbital Command  
  79  6:29  SCV  
  80  6:33  Terran Infantry Armor Level 1  
  80  6:37  Siege Tank  
  80  6:38  SCV  
  84  6:41  SCV, Marine x3  
  88  6:52  Orbital Command, Medivac  
  90  6:54  SCV x2  
  90  6:59  Refinery  
  92  7:02  Marine  
  92  7:03  Marine  
  94  7:09  Barracks Reactor x3  
  94  7:10  SCV x2  
  94  7:14  Supply Depot  
  94  7:15  Supply Depot  
  96  7:18  Marine  
  96  7:20  Marine, Refinery, Siege Tank, SCV  
  96  7:22  SCV  
  103  7:27  Marine  
  103  7:28  SCV  
  105  7:32  SCV  
  105  7:34  SCV  
  105  7:35  Supply Depot x2  
  105  7:36  Marine  
  108  7:40  Armory  
  108  7:41  SCV  
  108  7:43  Engineering Bay  
  108  7:44  Marine  
  109  7:45  SCV, Marine  
  112  7:52  Siege Tank  
  112  7:54  SCV x2, Marine  
  112  7:56  Marine x2  
  112  7:57  SCV  
  121  7:59  Medivac x2  
  121  8:04  Marine  
  121  8:05  Marine x5  
  120  8:07  SCV  
  120  8:08  SCV  
  120  8:09  SCV  
  120  8:12  Marine  
  126  8:13  Marine  
  126  8:16  Supply Depot  
  126  8:17  Supply Depot  
  126  8:18  Supply Depot  
  128  8:20  SCV x2  
  128  8:21  SCV  
  128  8:22  Marine x2  
  128  8:24  Siege Tank  
  128  8:26  Marine x4  
  136  8:28  Marine  
  136  8:32  Medivac x2  
  142  8:36  Marine x2  
  142  8:40  Marine x2  
  146  8:41  Supply Depot  
  146  8:44  Marine x3  
  146  8:48  Supply Depot  
  149  8:53  Terran Infantry Armor Level 2  
  149  8:54  Terran Infantry Weapons Level 2  
  149  8:55  Marine x4  
  150  8:58  Marine x2  
  150  9:00  Siege Tank  
  150  9:01  Marine x2  
  150  9:02  Marine  
  161  9:08  SCV x2  
  163  9:13  Marine x4, Medivac  
  169  9:21  Command Center  
  169  9:26  Marine x2  
  169  9:27  Marine x3  
  174  9:35  Marine, Siege Tank  
  176  9:39  Marine x2  
  176  9:45  Marine  
  171  9:46  Medivac  
  171  9:47  Medivac  
  171  9:50  Factory  
  175  9:53  Supply Depot  
  175  9:55  Marine, Sensor Tower  
  175  9:56  Marine x2  
  175  9:58  Marine  
  175  9:59  Marine  
  180  10:01  Marine  
  180  10:03  Marine x2  
  180  10:04  Marine  
  180  10:07  Siege Tank, Supply Depot  
  184  10:09  Terran Vehicle Weapons Level 1  
  184  10:13  Marine  
  188  10:18  Marine x4  
  188  10:19  Medivac  
  193  10:24  Medivac  
  193  10:32  Marine x2  
  193  10:33  Marine x3  
  195  10:36  Factory Tech Lab  
  195  10:38  Barracks, SCV  
  195  10:39  Barracks, SCV x2  
  195  10:41  Barracks  
  198  10:52  Planetary Fortress  
  198  10:56  Command Center, Sensor Tower  
  198  11:00  Marine x2  
  183  11:12  Medivac x2  
  183  11:14  Marine x2  
  157  11:19  Marine  
  157  11:20  Marine x6  
  157  11:21  Siege Tank x2  
  164  11:25  Refinery  
  164  11:26  Refinery  
  164  11:32  Marine x2  
  164  11:33  Refinery  
  164  11:35  Terran Infantry Weapons Level 3  
  164  11:37  Marine x2  
  169  11:43  Missile Turret  
  161  11:47  Marine x4  
  161  11:48  Barracks Tech Lab  
  161  11:49  Barracks Tech Lab x2  
  161  11:53  Siege Tank  
  167  11:58  Marauder, Ghost Academy  
  169  12:07  Marine, Marauder x2  
  174  12:12  Terran Infantry Armor Level 3  
  174  12:15  Marauder  
  161  12:19  Marauder  
  148  12:29  Marauder x2  
  134  12:30  Marine  
  134  12:31  Marine, Siege Tank  
  134  12:32  Marine x3  
  134  12:33  Marine x2, Siege Tank  
  134  12:34  Marine  
  134  12:36  Marauder  
  150  12:41  Marauder  
  152  12:48  Marine x2  
  152  12:49  Concussive Shells  
  152  12:50  Marine x3, Marauder x2  
  161  12:51  Marine x2  
  161  12:53  Terran Vehicle Weapons Level 2  
  161  12:55  Marine  
  161  12:57  Marauder  
  166  13:02  Marauder  
  166  13:03  Siege Tank  
  171  13:06  Marine x2, Planetary Fortress  
  171  13:11  Marauder  
  171  13:12  Marauder  
  177  13:19  Marauder  
  170  13:32  Marine x3  
  173  13:34  Siege Tank  
  173  13:36  Siege Tank  
  173  13:39  Marine  
  173  13:40  Ghost x2  
  173  13:41  Marine x2, Ghost x2  
  177  13:42  Marine x2  
  177  13:47  Missile Turret  
  182  13:49  Missile Turret  
  182  13:50  Marine  
  182  13:51  Missile Turret  
  182  13:55  Marine x2, Command Center, Refinery  
  185  13:56  Refinery  
  185  13:57  Marine, Sensor Tower  
  185  13:58  Command Center  
  185  14:01  Marine x3  
  185  14:02  Marine, Sensor Tower  
  190  14:04  Missile Turret  
  190  14:06  Siege Tank  
  190  14:08  Marine  
  190  14:09  Ghost  
  198  14:10  Marauder x2  
  198  14:17  Hi-Sec Auto Tracking, Missile Turret  
  200  14:18  Missile Turret  
  200  14:21  Missile Turret x2  
  200  14:22  Missile Turret  
  200  14:46  Command Center  
  178  15:16  Ghost x3  
  178  15:17  Marine x4  
  178  15:18  Marine x5  
  178  15:20  Siege Tank x2  
  199  15:29  Personal Cloaking  
  192  15:52  Siege Tank x2  
  192  15:56  Missile Turret  
  192  15:58  Planetary Fortress  
  192  16:00  Sensor Tower  
  192  16:02  Ghost x3  
  192  16:03  Ghost  
  200  16:05  Orbital Command  
  200  16:10  Orbital Command  
  200  16:44  Ghost  
  200  16:46  Ghost x2  
  200  16:47  Ghost  
  188  16:50  Marine  
  188  16:51  Marine x4  
  188  16:52  Marine  
  190  16:55  Nuke  
  190  17:05  Liberator x2  
  190  17:06  Orbital Command  
  196  17:13  Siege Tank  
  199  17:22  Terran Vehicle Weapons Level 3  
  189  17:33  Ghost x2  
  185  17:37  Siege Tank  
  185  17:39  Ghost x2  
  185  17:40  Marine x5  
  185  17:41  Orbital Command  
  192  18:02  Ghost  
  192  18:05  Siege Tank  
  195  18:06  Missile Turret  
  195  18:07  Sensor Tower  
  195  18:08  Marine x2, Missile Turret  
  195  18:09  Siege Tank  
  195  18:10  Missile Turret  
  186  18:33  Marine  
  186  18:34  Marine, Marauder x2  
  164  18:37  Siege Tank  
  164  18:40  Marine x6, Marauder x2  
  179  18:41  Siege Tank  
  179  18:42  Medivac x2  
  180  18:51  Marine x2  
  186  18:55  Marauder x2  
  186  18:58  Marine x3  
  186  19:02  Marauder x2  
  193  19:07  Marine  
  193  19:09  Siege Tank  
  197  19:13  Siege Tank  
  200  19:26  Command Center  
  198  19:32  Command Center  
  198  19:34  Ghost  
  200  19:44  Missile Turret  
  200  19:45  Missile Turret  
  200  19:47  Missile Turret  
  200  20:00  Terran Vehicle And Ship Armor Level 1  
  200  20:11  Command Center  
  192  20:16  Siege Tank, Ghost x2  
  194  20:26  Ghost x2  
  189  20:45  Siege Tank  
  189  20:46  Marauder  
  189  20:47  Liberator x2  
  189  20:49  Orbital Command x2  
  200  21:01  Siege Tank  
  193  21:05  Ghost x3  
  193  21:10  Ghost  
  199  21:13  Orbital Command  
  199  21:16  Orbital Command  
  183  21:22  Siege Tank  
  183  21:25  Marine x2  
  185  21:30  Planetary Fortress  
  178  21:34  Marauder x2  
  183  21:53  Factory  
  183  21:54  Sensor Tower, Factory x2  
  183  21:57  Missile Turret x2  
  183  21:59  Missile Turret  
  183  22:00  Liberator x2  
  192  22:05  Thor  
  192  22:14  Siege Tank  
  169  22:35  Orbital Command  
  169  22:37  Orbital Command  
  156  22:45  Orbital Command  
  156  22:46  Siege Tank  
  156  22:48  Siege Tank  
  156  22:49  Marine x2, Marauder  
  164  23:06  SCV x3  
  164  23:09  SCV  
  165  23:20  Siege Tank  
  152  23:42  Liberator x2  
  153  23:52  Siege Tank  
  155  24:00  SCV x2  
  155  24:01  SCV x4  
  161  24:13  Factory Tech Lab x3  
  161  24:16  Factory Reactor  
  161  24:17  Infernal Pre-Igniter  
  161  24:19  SCV x2  
  163  24:24  Thor  
  170  24:31  SCV x5, Sensor Tower  
  170  24:32  SCV  
  170  24:34  Thor x2, Missile Turret  
  170  24:35  Missile Turret  
  170  24:36  Fusion Core  
  187  24:43  SCV  
  188  24:50  Missile Turret  
  188  25:02  Missile Turret  
  188  25:04  Hellion  
  188  25:05  Hellion  
  192  25:07  Hellion  
  190  25:17  Thor  
  190  25:18  Hellion  
  198  25:24  Terran Vehicle And Ship Armor Level 2  
  198  25:26  Advanced Ballistics  
  198  25:30  Factory  
  198  25:31  Factory x2  
  198  25:33  Command Center  
  198  25:35  Smart Servos  
  198  25:44  Starport, Barracks Reactor  
  198  25:53  Refinery  
  198  25:55  Refinery  
  198  26:20  Factory Tech Lab, Factory Reactor  
  198  26:25  Factory Tech Lab  
  198  26:27  Hellion  
  196  27:14  Missile Turret  
  193  27:15  Thor  
  193  27:17  Planetary Fortress  
  190  28:02  Thor x2  
  196  28:09  Orbital Command  
  196  28:10  Supply Depot  
  196  28:11  Supply Depot  
  189  28:21  Thor  
  195  28:45  Hellion, Hellbat  
  199  28:50  Factory Tech Lab, Barracks Tech Lab  
  192  29:05  Thor x2  
  192  29:07  Hellion x2  
  192  29:09  Thor  
  200  29:13  Thor  
  198  29:21  Thor  
  186  29:32  Hellion x2, Viking x2  
  181  29:44  Orbital Command  
  160  29:48  Thor x2  
  160  29:52  Thor  
  148  30:01  Hellion x3  
  148  30:02  Hellion x2  
  148  30:03  Marine  
  148  30:04  Marine x7  
  148  30:05  Hellion  
  165  30:15  Refinery x2  
  165  30:21  Marine x4  
  165  30:22  Marine x4, Hellion  
  165  30:23  Hellion x2  
  165  30:24  Hellion x2  
  165  30:26  Hellion  
  181  30:34  Thor  
  181  30:35  Hellion  
  184  30:36  Hellion  
  184  30:39  Marine x2  
  183  30:44  Hellion x3  
  183  30:45  Hellion x2  
  183  30:47  Thor  
  199  31:12  Ghost  
  199  31:14  Ghost  
  193  31:35  Hellion  
  199  32:04  Liberator x3  
  184  32:19  Hellion x3  
  186  32:29  Liberator  
  187  32:32  Hellion x3  
  191  32:46  Liberator  
  191  32:47  Liberator  
  197  32:55  Terran Vehicle And Ship Armor Level 3  
  197  32:59  Liberator  
  197  33:13  Liberator  
  197  33:17  Hellion x6  
  177  33:29  Liberator  
  177  33:33  Ghost  
  182  33:37  Hellion x4  
  182  33:38  Hellion x2  
  182  33:40  Hellion x3  
  189  34:19  Liberator  
  189  34:20  Liberator x3  
  187  34:49  Hellion  
  187  34:50  Hellion x4  
  187  34:51  Hellion  
  199  34:59  Missile Turret  
  197  35:01  Ghost  
  193  35:15  Hellion x3  
  178  36:05  Viking x3  
  184  36:12  Viking  
  184  36:35  Viking x3  
  190  36:42  Viking  
  180  37:05  Viking x3  
  176  37:12  Viking  
  178  37:35  Viking  
  177  37:43  Viking x2  
  177  37:44  Viking  
  171  37:52  Marine  
  171  37:53  Hellion x3  
  171  37:54  Hellion  
  171  37:56  Thor x2  
  171  37:57  Thor x2  
  200  37:59  Hellion x3  
  200  38:43  Refinery  
  200  38:46  Refinery  
  199  39:08  Hellion x4  
  187  39:41  Liberator x2  
  193  39:47  Liberator x2  
  196  40:21  Hellion x5  
  193  40:31  Thor  
  193  40:32  Thor  
  146  40:52  Ghost x2  
  146  40:55  Hellion x2  
Show
View Real Time Build Order
Export as new Build Order

Dark Zerg - Winner!

Build Orders: Hatch First 

Get SALT Encoding   

  12  0:00  Drone  
  13  0:13  Overlord  
  13  0:17  Drone  
  14  0:31  Drone x2  
  16  0:48  Hatchery  
  15  0:52  Drone  
  15  0:55  Drone  
  17  0:58  Drone  
  18  1:11  Extractor  
  17  1:14  Spawning Pool  
  17  1:16  Drone  
  17  1:20  Drone  
  18  1:28  Drone  
  20  1:40  Drone  
  20  1:50  Drone  
  21  2:01  Queen x2  
  21  2:02  Zergling x4  
  27  2:11  Drone, Overlord  
  28  2:22  Hatchery  
  27  2:24  Drone  
  28  2:31  Drone  
  28  2:37  Queen  
  29  2:38  Drone  
  29  2:40  Drone  
  33  2:44  Overlord  
  33  2:48  Metabolic Boost  
  33  2:52  Drone  
  33  2:57  Drone x2  
  36  3:05  Drone x2  
  38  3:09  Drone x3  
  40  3:14  Queen  
  40  3:19  Overlord  
  42  3:21  Drone  
  43  3:32  Overlord  
  43  3:34  Drone  
  43  3:35  Drone x3, Queen  
  43  3:40  Roach Warren  
  48  3:43  Drone x2  
  48  3:45  Drone  
  51  3:49  Drone x2  
  51  3:51  Drone x2  
  51  3:54  Extractor  
  54  3:56  Drone  
  54  3:58  Extractor, Drone x2  
  54  4:01  Overlord  
  56  4:06  Overlord  
  56  4:19  Roach x2  
  56  4:20  Roach x4  
  68  4:26  Roach  
  68  4:27  Overlord x2  
  68  4:31  Roach  
  72  4:35  Overlord  
  72  4:38  Zergling x4  
  78  4:45  Zergling x12  
  78  4:50  Zergling x4  
  82  4:54  Zergling x2  
  82  4:58  Zergling x2  
  84  5:00  Ravager x2  
  84  5:01  Zergling x6  
  84  5:02  Ravager  
  84  5:03  Overlord  
  84  5:07  Overlord  
  90  5:08  Overlord  
  90  5:12  Overlord  
  90  5:19  Overlord  
  90  5:23  Ravager x2  
  90  5:25  Zergling x2  
  90  5:26  Zergling x12  
  90  5:28  Zergling x8  
  103  5:31  Zergling x2  
  103  5:34  Zergling x6  
  107  5:38  Ravager  
  102  5:45  Drone  
  102  5:46  Drone x2  
  102  5:54  Drone  
  102  5:55  Drone x5  
  102  6:02  Drone, Lair  
  102  6:03  Drone  
  104  6:05  Drone  
  105  6:11  Drone  
  105  6:13  Drone  
  105  6:16  Drone  
  108  6:19  Ravager  
  108  6:23  Extractor x2, Drone  
  108  6:25  Drone x2  
  110  6:33  Drone x4  
  110  6:35  Drone x2  
  110  6:36  Extractor, Evolution Chamber  
  110  6:37  Drone x3  
  110  6:38  Evolution Chamber  
  116  6:48  Roach x3  
  122  6:57  Overlord x2  
  122  6:59  Overlord  
  122  7:00  Glial Reconstitution  
  122  7:03  Zerg Missile Weapons Level 1, Zerg Ground Armor Level 1  
  122  7:06  Overlord  
  121  7:10  Drone, Overlord  
  121  7:12  Overlord x2  
  121  7:14  Hatchery  
  121  7:18  Drone x3  
  121  7:19  Drone x2  
  121  7:20  Roach  
  121  7:22  Ravager x3  
  129  7:28  Drone  
  131  7:30  Drone  
  131  7:32  Roach x3  
  131  7:33  Roach  
  131  7:36  Roach x2  
  146  7:37  Roach  
  146  7:42  Drone  
  146  7:44  Infestation Pit  
  146  7:45  Roach x2  
  146  7:47  Roach  
  146  7:48  Roach  
  154  8:05  Drone x13  
  165  8:08  Drone  
  166  8:16  Hatchery  
  165  8:20  Baneling Nest  
  165  8:21  Drone  
  164  8:31  Infestor x2, Hive  
  164  8:32  Zergling x14  
  175  8:35  Zergling x4  
  175  8:37  Drone  
  175  8:38  Spore Crawler  
  175  8:39  Overlord  
  175  8:40  Overlord  
  177  8:44  Drone  
  177  8:47  Zergling x2  
  177  8:48  Zergling x6  
  182  8:55  Ravager  
  183  8:56  Overlord x2  
  183  8:58  Zerg Melee Weapons Level 1, Zerg Ground Armor Level 2  
  183  9:00  Ravager  
  183  9:01  Zergling x14  
  189  9:13  Zergling x10  
  189  9:14  Zergling x12  
  198  9:17  Centrifugal Hooks  
  198  9:19  Baneling  
  198  9:20  Baneling x6  
  198  9:21  Baneling x3  
  198  9:22  Baneling x2  
  198  9:23  Baneling  
  194  9:32  Hatchery  
  190  9:45  Zergling x24  
  196  9:52  Hatchery  
  195  9:56  Adrenal Glands  
  195  9:59  Drone x3, Ultralisk Cavern  
  197  10:00  Drone  
  197  10:02  Baneling x5  
  198  10:07  Baneling x7  
  189  10:18  Zergling x2  
  189  10:19  Zergling x22  
  186  10:21  Baneling x3  
  186  10:24  Baneling x3  
  181  10:31  Drone  
  181  10:32  Viper x2  
  184  10:36  Viper  
  184  10:37  Zergling x2  
  184  10:38  Zergling x16  
  184  10:40  Baneling x2  
  196  10:47  Zergling x8, Chitinous Plating  
  200  10:56  Baneling  
  199  10:57  Baneling  
  198  11:10  Zergling x2  
  198  11:11  Zergling x24  
  181  11:19  Zergling x20  
  181  11:21  Baneling x3  
  181  11:24  Ultralisk  
  196  11:26  Zergling x4  
  196  11:27  Spore Crawler, Zerg Melee Weapons Level 2  
  196  11:28  Hatchery  
  196  11:30  Zerg Ground Armor Level 3  
  196  11:37  Zergling x8  
  198  11:44  Zergling x10  
  199  11:54  Baneling x2  
  199  11:55  Baneling x11  
  199  11:57  Burrow  
  199  12:00  Zergling x2  
  200  12:04  Zergling x2  
  163  12:17  Zergling x32  
  138  12:27  Ultralisk x2  
  138  12:28  Zergling x24  
  159  12:35  Ultralisk  
  159  12:37  Drone x5  
  159  12:38  Drone, Zergling x8  
  159  12:40  Zergling x2, Baneling x3  
  159  12:44  Zergling x8  
  174  12:48  Baneling x4  
  174  12:49  Baneling x3  
  174  12:50  Zergling x8  
  178  12:58  Zergling x16  
  186  13:00  Pneumatized Carapace  
  186  13:05  Zergling x4  
  186  13:06  Zergling x2  
  189  13:15  Zergling x2  
  190  13:20  Zergling x8  
  190  13:21  Zergling x8  
  194  13:29  Anabolic Synthesis  
  194  13:31  Zergling x2  
  194  13:32  Zergling x12, Spore Crawler  
  195  13:42  Zergling x2  
  195  13:43  Zergling x8  
  195  13:49  Zergling x10  
  200  13:56  Hatchery  
  200  13:58  Baneling x7  
  199  14:04  Baneling x3  
  199  14:06  Pathogen Glands  
  199  14:07  Zerg Missile Weapons Level 2, Zerg Melee Weapons Level 3  
  198  14:11  Baneling x2  
  198  14:16  Drone  
  199  14:17  Overseer  
  199  14:33  Nydus Network  
  197  14:39  Drone  
  197  14:40  Drone  
  199  14:46  Hydralisk Den  
  199  14:48  Extractor  
  199  14:49  Extractor  
  199  14:50  Drone x2  
  198  14:54  Baneling x3  
  198  14:55  Baneling x3  
  191  15:13  Nydus Canal, Zergling x2  
  151  15:16  Zergling x58  
  151  15:17  Zergling x26  
  183  15:21  Grooved Spines  
  183  15:26  Viper x2  
  183  15:27  Zergling x2  
  183  15:28  Zergling x2  
  190  15:29  Drone x3  
  190  15:33  Hatchery  
  192  15:36  Infestor  
  192  15:37  Overseer x5  
  192  15:40  Zergling x2  
  192  15:41  Zergling x26  
  172  15:50  Zergling x20  
  176  15:57  Baneling x9  
  176  15:59  Nydus Canal, Zergling x2  
  176  16:01  Drone x3  
  176  16:02  Drone x2  
  182  16:04  Zergling x20  
  182  16:07  Ultralisk  
  182  16:10  Zergling x4  
  199  16:17  Lurker Den  
  198  16:19  Baneling x2  
  198  16:28  Overlord  
  198  16:29  Overlord x6  
  198  16:33  Muscular Augments  
  135  16:51  Hydralisk x11, Infestor x3  
  135  16:53  Zergling x36  
  159  17:00  Zergling x4  
  161  17:01  Zergling x2  
  161  17:05  Zergling x6  
  161  17:06  Zergling x2  
  161  17:07  Zergling x2, Infestor x2  
  171  17:09  Zergling x2  
  171  17:12  Baneling x4  
  171  17:13  Zergling x2  
  173  17:18  Baneling x2  
  173  17:20  Spire  
  173  17:22  Drone x9  
  181  17:24  Extractor  
  181  17:25  Extractor  
  176  17:36  Infestor  
  164  17:37  Zergling x8  
  164  17:38  Zergling x36  
  164  17:40  Baneling x4  
  188  17:44  Drone  
  188  17:46  Infestor x4  
  188  17:48  Zergling x2  
  188  17:50  Neural Parasite  
  190  17:53  Zergling x16  
  198  17:59  Zergling x4  
  200  18:10  Zergling x2  
  200  18:12  Zergling x2  
  189  18:29  Zergling x54  
  189  18:30  Zergling x8  
  189  18:34  Zergling x10  
  181  18:39  Zergling x12  
  187  18:44  Zerg Missile Weapons Level 3  
  187  18:45  Zergling x2  
  187  18:46  Zergling x6  
  187  18:48  Infestor  
  186  18:49  Zergling x4  
  186  18:50  Zergling x2  
  186  18:51  Baneling x9  
  186  18:52  Zergling x6  
  186  18:53  Zergling x2  
  193  18:57  Zergling x6  
  193  19:01  Greater Spire  
  196  19:08  Drone  
  197  19:11  Baneling x4  
  196  19:18  Overseer x2  
  190  19:29  Zergling x24  
  200  19:34  Overseer  
  200  19:37  Adaptive Talons  
  200  19:41  Extractor x2, Spore Crawler  
  200  19:42  Extractor  
  200  19:44  Extractor, Spine Crawler  
  200  19:45  Spore Crawler, Spine Crawler  
  192  19:46  Spore Crawler, Zergling x2  
  192  19:47  Zergling x16  
  200  19:55  Hatchery  
  200  19:57  Extractor  
  200  19:58  Extractor  
  195  20:05  Lurker x5  
  196  20:15  Overseer  
  196  20:16  Zerg Flyer Weapons Level 1  
  193  20:23  Overseer  
  193  20:34  Seismic Spines  
  192  20:38  Overseer  
  192  20:41  Corruptor  
  192  20:42  Corruptor x8  
  185  20:43  Corruptor  
  185  20:47  Nydus Canal  
  185  20:48  Zergling x2  
  185  20:49  Zergling x6  
  199  20:51  Overseer  
  199  20:53  Baneling x6  
  197  21:00  Zergling x26  
  193  21:06  Nydus Canal  
  193  21:08  Zergling x18  
  181  21:21  Zergling x38  
  196  21:29  Overseer  
  196  21:31  Hatchery  
  195  21:34  Overlord x2  
  195  21:35  Overlord x3  
  195  21:41  Spore Crawler  
  195  21:42  Spore Crawler  
  195  21:44  Overlord  
  193  21:49  Overlord  
  193  21:57  Brood Lord  
  193  21:58  Baneling x10, Brood Lord x2  
  169  22:25  Brood Lord x6  
  169  22:26  Zergling x18  
  169  22:29  Zergling x2  
  186  22:30  Zergling x20  
  186  22:35  Brood Lord  
  186  22:36  Zergling x20  
  184  22:38  Zergling x10  
  184  22:39  Zergling x2  
  184  22:44  Drone  
  184  22:50  Drone x2  
  184  22:51  Hatchery  
  177  22:52  Zergling x10  
  177  22:54  Baneling  
  177  22:55  Baneling x2, Zergling x8  
  180  23:04  Baneling x6  
  180  23:06  Zergling x18  
  180  23:07  Baneling  
  180  23:08  Baneling x6  
  189  23:13  Nydus Canal  
  189  23:16  Zergling x4  
  189  23:19  Zergling x6  
  194  23:22  Zergling x2  
  196  23:27  Zergling x10  
  196  23:43  Zergling x2  
  196  23:44  Zergling x4  
  196  23:46  Baneling x7  
  199  23:48  Overseer  
  185  23:55  Corruptor  
  185  23:56  Corruptor  
  185  23:58  Zergling x32  
  196  24:06  Infestor  
  198  24:18  Overseer x2  
  198  24:25  Zerg Flyer Weapons Level 2  
  198  24:33  Hatchery  
  197  24:40  Hatchery  
  197  24:41  Drone x3  
  197  24:44  Spire  
  198  24:52  Spore Crawler x2  
  198  24:53  Spore Crawler  
  198  24:56  Brood Lord x2  
  198  25:04  Drone  
  199  25:14  Spore Crawler  
  198  25:15  Spore Crawler x3  
  195  25:33  Drone x3  
  198  25:53  Drone x2  
  199  25:58  Zerg Flyer Armor Level 1  
  199  25:59  Baneling  
  199  26:00  Baneling x3  
  199  26:05  Extractor  
  199  26:08  Spore Crawler  
  199  26:09  Extractor  
  196  26:16  Spore Crawler x2  
  196  26:17  Viper x2  
  199  26:58  Zerg Flyer Weapons Level 3  
  198  27:05  Spore Crawler  
  198  27:07  Spore Crawler  
  198  27:08  Spine Crawler, Spore Crawler  
  195  27:09  Spine Crawler  
  195  27:11  Spine Crawler  
  195  27:12  Corruptor x4  
  200  27:33  Spore Crawler  
  183  27:55  Corruptor x7  
  183  27:56  Zerg Flyer Armor Level 2, Brood Lord x3  
  184  28:06  Nydus Canal  
  184  28:11  Baneling x5  
  171  28:20  Corruptor x2  
  171  28:21  Corruptor  
  171  28:22  Brood Lord  
  173  28:29  Infestor x2  
  173  28:30  Infestor x2  
  177  28:39  Brood Lord x3  
  177  28:40  Brood Lord x3  
  189  28:43  Infestor x5  
  189  28:48  Spine Crawler, Brood Lord  
  198  29:06  Infestor x5  
  183  29:21  Infestor x2  
  180  29:29  Infestor  
  182  29:34  Zergling x6  
  182  29:35  Zergling x4  
  179  29:41  Corruptor x2  
  179  29:42  Zergling x2  
  179  29:43  Zergling x14  
  181  29:47  Infestor  
  169  29:56  Infestor  
  169  29:57  Baneling x2  
  166  30:04  Queen  
  166  30:05  Queen  
  168  30:20  Queen  
  170  30:23  Brood Lord x2  
  170  30:27  Brood Lord  
  176  30:34  Queen  
  178  30:39  Viper  
  178  30:40  Viper  
  184  30:55  Corruptor  
  184  30:56  Corruptor  
  188  31:03  Roach x5  
  196  31:10  Drone x4  
  195  31:24  Spire  
  190  31:29  Drone x5  
  195  31:35  Spore Crawler  
  189  31:41  Roach  
  189  31:45  Roach  
  193  31:49  Overlord  
  193  31:54  Baneling x4  
  189  31:56  Zergling x6  
  189  31:58  Drone  
  189  32:05  Zergling x6  
  185  32:23  Zergling x8  
  185  32:24  Zergling x12  
  185  32:28  Zergling x2  
  185  32:29  Zergling x4  
  197  32:30  Zergling x2  
  198  32:41  Greater Spire  
  198  32:45  Baneling x2  
  198  32:53  Baneling Nest  
  196  33:01  Zergling x8  
  185  33:33  Infestor x6  
  196  33:55  Brood Lord x2  
  183  34:20  Drone x6  
  183  34:21  Drone x4  
  178  34:34  Roach x3  
  178  34:50  Drone x5  
  183  35:03  Drone x3  
  183  35:06  Baneling x2  
  176  35:28  Corruptor x2  
  175  35:36  Lair  
  175  35:41  Extractor  
  174  35:54  Corruptor x2  
  178  35:59  Brood Lord  
  180  36:04  Brood Lord  
  182  36:13  Drone x3  
  185  36:25  Baneling x17  
  185  36:34  Overseer  
  185  36:38  Drone x2  
  187  36:44  Infestation Pit  
  183  36:53  Drone  
  183  36:54  Drone x3  
  186  36:55  Drone, Spawning Pool  
  185  37:27  Hive  
  170  37:45  Drone x3  
  171  38:00  Drone  
  171  38:04  Infestor x4  
  180  38:15  Queen x2  
  180  38:16  Queen  
  186  38:42  Spore Crawler  
  186  38:45  Zergling x6  
  188  38:54  Queen x3  
  193  38:58  Zergling x6  
  191  39:05  Infestor x23  
  191  39:06  Infestor  
  189  39:11  Viper  
  189  39:12  Viper x2  
  183  39:42  Viper x5  
  183  39:43  Spore Crawler  
  197  40:07  Infestor x21  
  197  40:10  Overlord x4, Infestor  
  191  40:37  Infestor x5  
  191  40:38  Infestor x13  
Tags
 
Add a new tag
Caveats
  • Supply blocks, unpowered buildings, or Contaminate may cause inaccurate times.
  • Supply counts are checked every 10 seconds.